Reakly vs Dexn

Match 25277370
End
Pioneer Squad
Construct Infanterie Kompanie
Grenadier Squad
Grenadier Squad
MG 42 Machine Gun Team
Construct Luftwaffe Kompanie
Flak 30 Anti-aircraft Gun Team
Jäger Squad
Jäger Squad
Luftwaffe Officer Quarters
DexN
Reakly
0
0

Comments sign in to comment!

IIGaryII 9 months ago

OMG ... DexN showed absolutely all things you must NEVER do on early game in WM... No scout (no motocyle, engineer never show the frontline)... MG (3rd build) come too late ... MG not used to trap ... Grenadier used to DPS Riflemen ... Ways Main Fuels not protected ... Flank of MG let's FREE ... T2 come too earlier (1 MG or 1 Grenadier more needed) ... Timing US T3 vehicule 7min not undercontrol (where is 221 with 41 Canon ???). I don’t want to be mean. But the 1000-1200 ELO US I face will win systematically against DexN if he play like that.